 Dungeon Crawl Stone Soup version 0.32-a0-422-g28b100f618 (webtiles) character file.

Game seed: 7832131053870883194

317 Alarak the Magician (level 6, 0/40 HPs)
             Began as a Djinni Fire Elementalist on Feb 21, 2024.
             Slain by a +1 flail of electrocution (8 damage)
             ... created by the wrath of Beogh
             ... on level 3 of the Dungeon.
             The game lasted 00:08:43 (2983 turns).

Alarak the Magician (Djinni Fire Elementalist)      Turns: 2983, Time: 00:08:44

Health: 0/40       AC:  2    Str:  7    XL:     6   Next: 74%
Gold:   176        EV: 12    Int: 24    God:
                   SH:  0    Dex: 14

rFire   + + .        g - +4 dagger
rCold   x . .        (no shield)
rNeg    . . .        a - +0 robe
rPois   ∞            (no helmet)
rElec   .            (no cloak)
rCorr   .            (no gloves)
SInv    .            (boots unavailable)
Will    .....        (no amulet)
Stlth   ++           k - +4 ring of slaying
HPRegen 0.26/turn    n - +6 ring of intelligence
MPRegen 0.00/turn

%: infuse magic (-1 HP)
@: flying
A: sickness immunity, fire resistance 2, cold vulnerability 1, float, innate
caster, HP casting, extra vitality 1
a: no special abilities


You were on level 3 of the Dungeon.
You visited 1 branch of the dungeon, and saw 3 of its levels.

You collected 176 gold pieces.

Inventory:

Hand Weapons
 g - a +4 dagger (weapon)
Armour
 a - a +0 robe (worn)
Jewellery
 k - a +4 ring of slaying (left hand)
 n - a +6 ring of intelligence (right hand)
 p - a ring of positive energy
Talismans
 l - a dragon-blood talisman
Wands
 o - a wand of polymorph (5)
Scrolls
 c - a scroll of revelation {unknown}
 e - a scroll of teleportation
 f - a scroll of immolation {unknown}
 h - a scroll of poison {unknown}
 j - a scroll of fog {unknown}
 r - a scroll of summoning {unknown}
 s - a scroll of enchant weapon {unknown}
Potions
 b - a potion of heal wounds
 d - 2 potions of might {unknown}
 i - a potion of enlightenment {unknown}
 m - a potion of curing {unknown}
 q - a potion of resistance {unknown}


   Skills:
 - Level 2.1 Dodging
 - Level 1.5 Stealth
 + Level 5.8 Spellcasting
 + Level 5.8 Conjurations
 + Level 5.8 Hexes
 + Level 5.8 Summonings
 + Level 5.8 Necromancy
 + Level 5.8 Translocations
 + Level 5.8 Fire Magic
 + Level 5.8 Ice Magic
 + Level 5.8 Air Magic
 + Level 5.8 Earth Magic
 + Level 5.8 Alchemy


You knew the following spells:

 Your Spells              Type           Power      Damage    Failure   Level
a - Foxfire               Conj/Fire      100%       2x1d9     1%          1
b - Scorch                Fire           70%        2d7       1%          2
c - Volatile Blastmotes   Fire/Tloc      70%        2d15      2%          3
d - Inner Flame           Hex/Fire       35%        N/A       2%          3
e - Flame Wave            Conj/Fire      35%        2d10      7%          4
f - Necrotise             Necr           100%       1d9       1%          1
g - Searing Ray           Conj           70%        2d7       1%          2
Your spell library was empty.

Dungeon Overview and Level Annotations

Branches:
Dungeon (3/15)

Altars:

Annotations:
D:3 Ijyb, Robin


Innate Abilities, Weirdness & Mutations

You are immune to sickness and miasma.
You are immune to poison.
Your flesh is very heat resistant. (rF++)
You are vulnerable to cold. (rC-)
You float through the air rather than walking.
You learn spells naturally, not from books.
Your magical power is your life essence.
You have superior vitality. (+4 MHP)


Message History

Robin of the Strong Arm comes into view.
They are wielding a +1 spear of flaming.
You conjure some foxfire!
The foxfire hits the goblin!
The goblin explodes!
The fiery explosion engulfs the hobgoblin!
The fiery explosion engulfs the hobgoblin!!
The fiery explosion engulfs the hobgoblin!
You kill the hobgoblin!
The hobgoblin explodes! x2
Ijyb zaps a wand.
The mass of ice explodes!
The iceblast engulfs you!!
You feel a painful chill!
Ouch! That really hurt!
* * * LOW HITPOINT WARNING * * *
The iceblast engulfs your foxfire! x2
The foxfire hits Ijyb.
Ijyb is moderately wounded.
The foxfire hits the orc.
The orc is lightly wounded.
The foxfire hits the orc but does no damage.
The orc is lightly wounded.
An orc is nearby!
An orc is nearby!
An orc is nearby!
You see here a +0 robe.
Found a book of Debilitation.
There is an escape hatch in the ceiling here.
A mysterious force pulls you upwards. The hatch slams shut behind you.
You start resting.
HP restored.
There is a stone staircase leading down here.
You fly downwards.
Level annotation: Ijyb, Robin
There is a stone staircase leading up here.
Beogh throws implements of electrocution at you.
A +0 halberd of electrocution and a +1 flail of electrocution come into view.
You barely miss the +0 halberd of electrocution.
The +0 halberd of electrocution hits you!
The +0 halberd of electrocution hits you!
* * * LOW HITPOINT WARNING * * *
The +1 flail of electrocution hits you!
You die...
Beogh appreciates the +1 flail of electrocution's killing of an apostate.

###.......##'### #............'..
#............###............##.
###.................##.........#.
.............................>.#.
####.####...........##.####...<#.
####................##'####....#.
...#................#..........#.
<....####...####.#..#..........#.
...##.........#<@...#..........#.
...#..#######..#((..#.)........#
...#.###.⌠.###.#...............
.....##.....##.###.##..........
.....#.......#.#....+..........
.....#.ß...ß.#.#.#.##..........
...÷.#.......#.#.#.............
.....#).)....#.#.........####.#
.....#.......#.#..............#


You could see 2 dancing weapons.

Vanquished Creatures
  Sigmund (D:2)
  Terence (D:2)
  An orc wizard (D:3)
  An adder (D:2)
  3 dart slugs (D:1)
  5 orcs (D:3)
  6 ball pythons
  A bat (D:1)
  4 endoplasms (D:2)
  3 giant cockroaches
  3 goblins
  6 hobgoblins
  2 quokkas
  5 frilled lizards
  4 kobolds (D:2)
  6 rats
52 creatures vanquished.

Vanquished Creatures (others)
  159 foxfires
159 creatures vanquished.

Grand Total: 211 creatures vanquished

Notes
Turn   | Place    | Note
-------+----------+-------------------------------------------
     0 | D:1      | Alarak the Djinni Fire Elementalist began the quest for the
                  | Orb.
     0 | D:1      | Alarak set off with the following spells memorised:
                  | Foxfire, Scorch, Volatile Blastmotes, Inner Flame, Flame
                  | Wave.
     0 | D:1      | Reached XP level 1. HP: 15/15 MP: 0/0
   104 | D:1      | Reached XP level 2. HP: 16/21 MP: 0/0
   452 | D:1      | Reached XP level 3. HP: 23/25 MP: 0/0
   452 | D:1      | Learned a level 1 spell: Necrotise
   867 | D:2      | Reached XP level 4. HP: 28/31 MP: 0/0
   977 | D:2      | Noticed Sigmund
   988 | D:2      | Killed Sigmund
   989 | D:2      | Reached skill level 5 in Spellcasting
   989 | D:2      | Reached skill level 5 in Conjurations
   989 | D:2      | Reached skill level 5 in Hexes
   989 | D:2      | Reached skill level 5 in Summonings
   989 | D:2      | Reached skill level 5 in Necromancy
   989 | D:2      | Reached skill level 5 in Translocations
   989 | D:2      | Reached skill level 5 in Fire Magic
   989 | D:2      | Reached skill level 5 in Ice Magic
   989 | D:2      | Reached skill level 5 in Air Magic
   989 | D:2      | Reached skill level 5 in Earth Magic
   989 | D:2      | Reached skill level 5 in Alchemy
   989 | D:2      | Reached XP level 5. HP: 11/35 MP: 0/0
   989 | D:2      | Learned a level 2 spell: Searing Ray
   989 | D:2      | Reached XP level 6. HP: 12/40 MP: 0/0
  1122 | D:2      | Noticed Terence
  1130 | D:2      | Killed Terence
  2435 | D:3      | Became a worshipper of Beogh the Shepherd
  2510 | D:3      | Fell from the grace of Beogh
  2794 | D:3      | Noticed an orc warrior
  2826 | D:3      | Noticed Ijyb
  2829 | D:3      | Noticed Robin
  2981 | D:3      | Noticed a +0 halberd of electrocution
  2981 | D:3      | Noticed a +1 flail of electrocution
  2983 | D:3      | Slain by a +1 flail of electrocution

Illustrated notes

Levels and vault maps discovered:
D:1:      scummos_arrival_hexagon, layout_basic, chequers_serial_rivers_small_b
D:2:      layout_rooms, uniq_sigmund, uniq_terence
D:3:      cheibrodos_pilgrimage, layout_basic, serial_aquarium,
          aquarium_bridge_straight [aquarium_subvault_bridge,
          aquarium_subvault_window, aquarium_subvault_bridge,
          aquarium_subvault_wall], aquarium_window_1, aquarium_window_fake,
          aquarium_window_corner, aquarium_view_4, aquarium_balcony_double_4,
          aquarium_pool_split, minmay_misc_feat_secret_circle,
          nicolae_goblin_pals

Skill      XL: |  1  2  3  4 |
---------------+-------------+-----
Spellcasting   | 4 5 |  5.8
Conjurations   | 4 5 |  5.8
Hexes          | 4 5 |  5.8
Summonings     | 4 5 |  5.8
Necromancy     | 4 5 |  5.8
Translocations | 4 5 |  5.8
Fire Magic     | 4 5 |  5.8
Ice Magic      | 4 5 |  5.8
Air Magic      | 4 5 |  5.8
Earth Magic    | 4 5 |  5.8
Alchemy        | 4 5 |  5.8
Dodging        | |  2.1
Stealth        | |  1.5

Action                     |  1- 3 |  4- 6 || total
---------------------------+-------+-------++-------
  Melee: Dagger            |       |     4 ||     4
   Cast: Foxfire           |    41 |    57 ||    98
         Scorch            |     5 |     4 ||     9
         Necrotise         |     3 |       ||     3
         Inner Flame       |       |    10 ||    10
         Volatile Blastmot |       |     5 ||     5
         Searing Ray       |       |     2 ||     2
 Invoke: Renounce Religion |       |     1 ||     1
         Convert to Beogh  |       |     1 ||     1
    Use: Scroll            |       |     1 ||     1
         Potion            |       |     1 ||     1
 Armour: Robe              |       |    16 ||    16
  Dodge: Dodged            |       |     8 ||     8
         Form:             |       |     1 ||     1
         Dragon            |       |     1 ||     1

Table legend: (Time is in decaauts)
 A = Elapsed time spent in this place.
 B = Non-inter-level travel time spent in this place.
 C = Inter-level travel time spent in this place.
 D = Time resting spent in this place.
 E = Time spent auto-exploring this place.
 F = Levels seen in this place.
 G = Mean time per level.
                   A        B        C        D        E       F      G
               +--------+--------+--------+--------+--------+-----+--------+
         Total |   2982 |   2898 |     84 |   1058 |   1516 |   3 |  994.0 |
       Dungeon |   2982 |   2898 |     84 |   1058 |   1516 |   3 |  994.0 |
               +--------+--------+--------+--------+--------+-----+--------+

Top non-repeatable levels by time:
     D:2: 1270 daAuts
     D:1: 936 daAuts
     D:3: 775 daAuts
